 Dungeon Crawl Stone Soup version 0.31.0-32-g396128a36d (webtiles) character file.

Game seed: 18118302515182299108

56 Valakon2 the Trooper (level 3, 0/33 HPs)
             Began as a Minotaur Fighter on Mar 17, 2024.
             Slain by an ice beast (10 damage)
             ... on level 3 of the Dungeon.
             The game lasted 00:08:14 (1101 turns).

Valakon2 the Trooper (Minotaur Fighter)             Turns: 1101, Time: 00:08:15

Health: 0/33       AC:  8    Str: 22    XL:     3   Next: 69%
Magic:  2/2        EV:  9    Int:  5    God:
Gold:   66         SH:  4    Dex:  9    Spells: 2/2 levels left

rFire   . . .        a - +0 war axe
rCold   . . .        c - +0 buckler
rNeg    . . .        b - +0 scale mail
rPois   .            (helmet restricted)
rElec   .            (no cloak)
rCorr   .            f - +0 pair of gloves
SInv    .            (no boots)
Will    .....        (no amulet) Stlth
                     (no ring)
HPRegen 0.25/turn    (no ring)
MPRegen 0.08/turn

%: no passive effects
@: no status effects
A: horns 2, retaliatory headbutt
a: no special abilities


You were on level 3 of the Dungeon.
You visited 1 branch of the dungeon, and saw 3 of its levels.

You collected 66 gold pieces.

Inventory:

Hand Weapons
 a - a +0 war axe (weapon)
Missiles
 i - 3 poisoned darts (quivered)
Armour
 b - a +0 scale mail (worn)
 c - a +0 buckler (worn)
 f - a +0 pair of gloves (worn)
Talismans
 j - a flux talisman
Wands
 l - a wand of quicksilver (4)
Scrolls
 k - 2 scrolls of poison
Potions
 d - a potion of might
 e - 2 potions of magic
 h - a potion of brilliance


   Skills:
 + Level 4.3 Fighting
 + Level 3.3 Axes
 + Level 4.0 Armour
 + Level 0.2 Dodging
 + Level 4.2 Shields


You had 2 spell levels left.
You didn't know any spells.
Your spell library was empty.

Dungeon Overview and Level Annotations

Branches:
Dungeon (3/15)

Altars:


Innate Abilities, Weirdness & Mutations

You have a pair of horns on your head.
You reflexively headbutt those who attack you in melee.


Message History

A kobold is nearby!
An ice beast comes into view.
You slash the kobold!
You kill the kobold!
A bat comes into view.
Your Armour skill increases to level 4!
Things that are here:
a +0 club; a kobold corpse You hit the ice beast but do no damage.
The bat hits you but does no damage.
The ice beast hits you but does no damage.
You hit the ice beast but do no damage. You headbutt the ice beast!
The ice beast is moderately wounded.
The bat hits you. You block the ice beast's attack.
The ice beast hits you but does no damage.
You hit the ice beast but do no damage.
The ice beast is moderately wounded.
You barely miss the bat. The bat closely misses you.
The ice beast closely misses you.
You hit the ice beast. Your headbutt misses the ice beast.
The ice beast is heavily wounded.
You miss the bat. The bat hits you but does no damage.
The ice beast hits you but does no damage.
You block the bat's attack.
You barely miss the ice beast. You headbutt the ice beast.
The ice beast is severely wounded.
You slash the bat!
You kill the bat!
The ice beast hits you but does no damage.
The ice beast hits you. The ice beast freezes you!
You closely miss the ice beast.
The ice beast is severely wounded.
You block the ice beast's attack.
You slash the ice beast! Your headbutt misses the ice beast.
The ice beast is almost dead.
The ice beast hits you. The ice beast freezes you!
The ice beast hits you but does no damage.
You closely miss the ice beast.
The ice beast is almost dead.
The ice beast hits you. The ice beast freezes you!
You die...

..............#....#.# .
..................>.<######
....##.###....###..>.....#
.... #†.##....###.#####.##
##.##....##..# .
#...#...###.## ..
#†......##..#####. ..
#.....#.#..#......#
#.###.........@........
#..<.....####.Y†...####
##.......# .......##
#.#...<.##.......#
...###............# .....
.............# ....#
............. ....
............## .... ...#...


You could see an ice beast.

Vanquished Creatures
  An adder (D:2)
  3 dart slugs
  7 bats
  4 giant cockroaches
  4 hobgoblins
  3 jackals (D:3)
  3 quokkas (D:1)
  4 ball pythons (D:1)
  2 goblins (D:1)
  7 kobolds
  2 rats (D:1)
40 creatures vanquished.

Notes
Turn   | Place    | Note
-------+----------+-------------------------------------------
     0 | D:1      | Valakon2 the Minotaur Fighter began the quest for the Orb.
     0 | D:1      | Reached XP level 1. HP: 19/19 MP: 0/0
   124 | D:1      | Reached XP level 2. HP: 25/27 MP: 1/1
   515 | D:1      | Reached XP level 3. HP: 33/33 MP: 2/2
   905 | D:2      | Found a faded altar of an unknown god.
  1090 | D:3      | Noticed an ice beast
  1101 | D:3      | Slain by an ice beast

Illustrated notes

Levels and vault maps discovered:
D:1:      dpeg_arrival_more_subterranean_lakeside_camping, layout_basic
D:2:      layout_rooms, ebering_ecumenical_altar_box
D:3:      layout_rooms, nicolae_overflow_ecumenical_swirl,
          chequers_temple_overflow_minitemple

Skill      XL: |  1  2  3 |
---------------+----------+-----
Fighting       | 4 |  4.3
Shields        | 4 |  4.2
Axes           | 3 |  3.3
Armour         | 4 |  4.0
Dodging        | |  0.2

Action                     || total
---------------------------++-------
  Melee: War axe           ||   105
         Headbutt          ||    12
    Use: Scroll            ||     5
 Armour: Scale mail        ||    98
  Dodge: Dodged            ||    61
  Block: Buckler           ||    34
